 Dungeon Crawl Stone Soup version 0.29.1-15-g9cfb28693d (webtiles) character file.

Game seed: 11781480552727729627

1530 Arctor the Magician (level 8, -10/41 HPs)
             Began as a Deep Elf Fire Elementalist on Feb 26, 2023.
             Was an Initiate of Vehumet.
             Killed from afar by a steam dragon (19 damage)
             ... with a ball of steam
             ... on level 6 of the Dungeon.
             The game lasted 00:12:03 (7206 turns).

Arctor the Magician (Deep Elf Fire Elementalist)    Turns: 7206, Time: 00:12:05

Health: -10/41     AC:  4    Str: 15    XL:     8   Next: 55%
Magic:  2/20       EV: 15    Int: 23    God:    Vehumet [......]
Gold:   275        SH:  0    Dex: 15    Spells: 4/20 levels left

rFire   . . .      SeeInvis .   d - +0 dagger (speed)
rCold   . . .      Faith    .   (no shield)
rNeg    . . .      Spirit   .   e - +0 robe of Baldness {Str+4}
rPois   .          Reflect  .   g - +0 helmet
rElec   .          Harm     .   t - scarf {repulsion}
rCorr   .          Rampage  .   (no gloves)
Will    .....                   o - +0 pair of boots
Stlth   +++.......              (no amulet)
HPRegen 0.13/turn               h - +6 ring of strength
MPRegen 0.17/turn               (no ring)

@: studying Short Blades, repel missiles
A: no striking features
a: Renounce Religion


You were on level 6 of the Dungeon.
You worshipped Vehumet.
Vehumet was noncommittal.
You visited 2 branches of the dungeon, and saw 7 of its levels.

You collected 275 gold pieces.

Inventory:

Hand Weapons
 d - a +0 dagger of speed (weapon)
Armour
 a - a +0 robe
 e - the +0 robe of Baldness (worn) {Str+4}
   (You found it on level 5 of the Dungeon)

   Str:       It affects your strength (+4).
 g - a +0 helmet (worn)
 o - a +0 pair of boots (worn)
 t - a scarf of repulsion (worn)
Jewellery
 h - a +6 ring of strength (left hand)
Wands
 n - a wand of paralysis (4)
Scrolls
 c - 2 scrolls of poison
 f - 2 scrolls of torment
 m - a scroll of vulnerability
 r - 2 scrolls of identify
 s - a scroll of enchant armour {unknown}
 u - a scroll of teleportation
 w - a scroll of brand weapon
 x - a scroll of butterflies {unknown}
 y - a scroll of enchant weapon {unknown}
Potions
 b - 2 potions of magic
 i - 2 potions of degeneration {unknown}
 j - a potion of lignification {unknown}
 k - a potion of flight {unknown}
 l - 2 potions of mutation {unknown}
 q - a potion of haste {unknown}
 v - a potion of cancellation {unknown}


   Skills:
 + Level 6.1 Dodging
 + Level 6.6 Stealth
 + Level 6.8 Spellcasting
 + Level 5.2 Conjurations
 + Level 1.1 Summonings
 + Level 6.2 Fire Magic


You had 4 spell levels left.
You knew the following spells:

 Your Spells              Type           Power      Damage    Failure   Level
a - Foxfire               Conj/Fire      100%       2x1d9     1%          1
b - Scorch                Fire           72%        2d8       1%          2
c - Conjure Flame         Conj/Fire      34%        6-21      2%          3
d - Summon Guardian Gole  Hex/Summ       10%        N/A       19%         3
e - Flame Wave            Conj/Fire      34%        2d10      8%          4
f - Call Canine Familiar  Summ           13%        N/A       14%         3

Your spell library contained the following spells:

 Spells                   Type           Power      Damage    Failure   Level
 Summon Small Mammal      Summ           52%        N/A       4%          1
 Inner Flame              Hex/Fire       22%        N/A       6%          3


Dungeon Overview and Level Annotations

Branches:
Dungeon (6/15)             Temple (1/1) D:5

Altars:
Cheibriados
Elyvilon
Gozag
Kikubaaqudgha
Makhleb
Nemelex Xobeh
Okawaru
Qazlal
Ru
Trog
Uskayaw
Vehumet
Wu Jian
Xom
Yredelemnul
Zin
The Shining One

Shops:
D:1 =   D:4 *=   D:5 (


Message History

Confirm with . or Enter, or press ? or * to list all spells.
The spell is quite dangerous to miscast (19% risk of failure)!
Continue anyway?
A guardian golem appears, shielding your allies.
You are engulfed in a cloud of scalding steam.
Casting: Summon Guardian Golem (quite dangerous; 19% risk of failure)
Confirm with . or Enter, or press ? or * to list all spells.
Flames lash the steam dragon.
The steam dragon is lightly wounded.
The steam dragon's fire resistance burns away.
You are engulfed in a cloud of scalding steam.
Casting: Scorch (safe; 1% risk of failure)
Confirm with . or Enter, or press ? or * to list all spells.
Flames lash the steam dragon.
The steam dragon is burned terribly!
The steam dragon is heavily wounded.
You are engulfed in a cloud of scalding steam.
The steam dragon breathes steam at you. The ball of steam hits you!
* * * LOW HITPOINT WARNING * * *
Blink to where?
Press: ? - help, Dir - move target
As you read the scroll of blinking, it crumbles to dust.
Casting: Scorch (safe; 1% risk of failure)
Confirm with . or Enter, or press ? or * to list all spells.
The spell is quite dangerous to miscast (19% risk of failure)!
Continue anyway?
A guardian golem appears, shielding your allies.
Casting: Summon Guardian Golem (quite dangerous; 19% risk of failure)
Confirm with . or Enter, or press ? or * to list all spells.
You conjure some foxfire!
Your magical contamination has completely faded away.
Casting: Foxfire (safe; 1% risk of failure)
Confirm with . or Enter, or press ? or * to list all spells.
You conjure some foxfire!
Your foxfire dissipates!
The foxfire hits the steam dragon but does no damage.
The steam dragon is heavily wounded.
The foxfire hits the steam dragon.
The steam dragon is severely wounded.
The steam dragon breathes steam at you. The ball of steam hits you!!
You die...

### ### #.. ..# #.#
#.# #.# #.#
##.######.########.
##..##..............
##.#§@..##...#######.
#.D§§..##.....#
#9#..§.......##
###§#.##.####.##
#.D§..##.# #.#
#.#.####.# #.# #.#.#
#.# ##'## #§#.#
#.###...##
#.........?..##.....##


You could see a steam dragon (catching breath, combustible, ally target) and a
friendly guardian golem (summoned).

Vanquished Creatures
  Grinder (D:4)
  Eustachio (D:4)
  A water moccasin (D:5)
  An orc warrior (D:4)
  An ogre (D:4)
  2 necrophages
  3 scorpions
  A jelly (D:5)
  3 hounds
  2 orc priests
  Natasha (thrice) (D:4)
  An orc wizard (D:5)
  3 gnolls (D:3)
  7 adders
  An ufetubus (D:5)
  A worm (D:4)
  2 dart slugs
  10 orcs
  5 endoplasms
  2 giant cockroaches (D:1)
  8 goblins
  7 hobgoblins
  2 jackals (D:2)
  2 quokkas
  4 ball pythons (D:4)
  5 bats
  A frilled lizard (D:3)
  3 kobolds
  6 rats
89 creatures vanquished.

Vanquished Creatures (collateral kills)
  3 foxfires (D:1)
3 creatures vanquished.

Vanquished Creatures (others)
  2 centaurs (D:5)
  380 foxfires
382 creatures vanquished.

Grand Total: 474 creatures vanquished

Notes
Turn   | Place    | Note
-------+----------+-------------------------------------------
     0 | D:1      | Arctor the Deep Elf Fire Elementalist began the quest for
                  | the Orb.
     0 | D:1      | Reached XP level 1. HP: 10/10 MP: 6/6
   509 | D:1      | Reached XP level 2. HP: 15/15 MP: 5/8
  1004 | D:1      | Found Deilusoh's Jewellery Shoppe.
  1202 | D:1      | Found a faded altar of an unknown god.
  1481 | D:2      | Reached XP level 3. HP: 19/19 MP: 2/9
  2510 | D:3      | Identified a scroll of acquirement
  2510 | D:3      | Acquired a book of Callings
  2823 | D:3      | Reached XP level 4. HP: 10/24 MP: 5/11
  2996 | D:3      | Learned a level 3 spell: Summon Guardian Golem
  3000 | D:3      | Learned a level 3 spell: Conjure Flame
  3003 | D:3      | Learned a level 2 spell: Scorch
  3435 | D:4      | Noticed Natasha
  3438 | D:4      | Killed Natasha
  3439 | D:4      | Reached XP level 5. HP: 28/28 MP: 0/13
  3709 | D:4      | Noticed an ogre
  3711 | D:4      | Noticed Natasha
  3765 | D:4      | Killed Natasha
  3811 | D:4      | Killed an ogre
  3888 | D:4      | Noticed Natasha
  3891 | D:4      | Killed Natasha
  3892 | D:4      | Reached XP level 6. HP: 32/32 MP: 9/14
  4096 | D:4      | Found Zobrod's Assorted Antiques.
  4172 | D:4      | Found Cuoshaid's Jewellery Boutique.
  4186 | D:4      | Noticed an orc warrior
  4199 | D:4      | Killed an orc warrior
  4676 | D:4      | Reached skill level 5 in Spellcasting
  4730 | D:4      | Noticed Grinder
  4752 | D:4      | Killed Grinder
  4753 | D:4      | Reached skill level 5 in Stealth
  4753 | D:4      | Reached skill level 5 in Fire Magic
  4753 | D:4      | Reached XP level 7. HP: 30/36 MP: 7/17
  4942 | D:4      | Found a glowing golden altar of the Shining One.
  4949 | D:4      | Noticed Eustachio
  5029 | D:4      | Killed Eustachio
  5030 | D:4      | Reached skill level 5 in Dodging
  5575 | D:5      | Entered Level 5 of the Dungeon
  5819 | D:5      | Identified the +0 robe of Baldness {Str+4}
  5877 | D:5      | Reached XP level 8. HP: 41/41 MP: 14/19
  6008 | D:5      | Found a staircase to the Ecumenical Temple.
  6021 | Temple   | Entered the Ecumenical Temple
  6119 | Temple   | Became a worshipper of Vehumet
  6265 | D:5      | Found Ridghy's Antique Weapon Emporium.
  6598 | D:5      | Reached skill level 5 in Conjurations
  6603 | D:5      | Learned a level 4 spell: Flame Wave
  7035 | D:6      | Reached skill level 1 in Summonings
  7045 | D:6      | Learned a level 3 spell: Call Canine Familiar
  7206 | D:6      | Killed from afar by a steam dragon

Illustrated notes

Levels and vault maps discovered:
D:1:      dpeg_arrival_subterranean_lakeside_camping, layout_basic,
          dreamdust_ecumenical_altar_hidden_monk_grotto, serial_shops,
          nicolae_shop_temple_entry_statues_fountains, dreamdust_princess_bridge
D:2:      layout_basic
D:3:      layout_rooms
D:4:      layout_loops_cross, mainiacjoe_overflow_brackets, serial_shops,
          nicolae_shop_behind_doors, nicolae_shop_statue_plus, glass_columns_a,
          uniq_natasha, uniq_grinder, uniq_eustachio
D:5:      layout_loops_cross, minmay_temple_entry_mini_moons, serial_shops,
          shop, minmay_manual_mares
D:6:      layout_loops_corners
Temple:   regret_index_temple_chain_breaker

Skill      XL: |  1  2  3  4  5  6  7  8 |
---------------+-------------------------+-----
Stealth        | 3 4 5 6 |  6.6
Dodging        | 3 4 5 6 |  6.1
Conjurations   | 2 3 4 5 |  5.2
Fire Magic     | 4 5 6 |  6.2
Spellcasting   | 4 5 6 |  6.8
Summonings     | 1 |  1.1

Action                   |  1- 3 |  4- 6 |  7- 9 || total
-------------------------+-------+-------+-------++-------
Melee: Dagger            |    34 |     5 |    26 ||    65
       Punch             |     1 |       |       ||     1
 Cast: Foxfire           |   103 |    59 |    71 ||   233
       Scorch            |       |    31 |    28 ||    59
       Conjure Flame     |       |       |     2 ||     2
       Summon Guardian G |       |       |     5 ||     5
       Call Canine Famil |       |       |     2 ||     2
  Use: Scroll            |     6 |       |     7 ||    13
       Potion            |       |       |     1 ||     1
 Stab: Sleeping          |     2 |       |     1 ||     3
Armor: Robe              |    12 |     3 |    38 ||    53
Dodge: Dodged            |    43 |    16 |    97 ||   156
       Repelled          |       |       |     2 ||     2
